 Dungeon Crawl Stone Soup version 0.22-a0-533-g4d20840 (webtiles) character file.

1397 emperorscorpion the Thaumaturge (level 8, -1/42 HPs)
             Began as a Deep Elf Conjurer on June 23, 2018.
             Was a Follower of Vehumet.
             Slain by a gnoll
             ... wielding a +0 spear
              (5 damage)
             ... on level 6 of the Dungeon.
             The game lasted 00:15:12 (7822 turns).

emperorscorpion the Thaumaturge (Deep Elf Conjurer) Turns: 7822, Time: 00:15:13

Health: -1/42      AC:  4    Str:  5    XL:     8   Next: 41%
Magic:  13/23      EV: 13    Int: 23    God:    Vehumet [*.....]
Gold:   290        SH:  0    Dex: 15    Spells: 13/25 levels left

rFire    + . .     SeeInvis .   a - +1 dagger (freeze)
rCold    . . .     Gourm    .   (no shield)
rNeg     . . .     Faith    .   g - +0 leather armour
rPois    .         Spirit   .   (no helmet)
rElec    .         Reflect  .   (no cloak)
rCorr    .         Harm     .   y - +0 pair of gloves
MR       .....                  (no boots)
Stlth    ++........             (no amulet)
HPRegen  0.14/turn              r - ring of protection from fire
MPRegen  0.18/turn              (no ring)

@: no status effects
A: no striking features
a: Renounce Religion


You were on level 6 of the Dungeon.
You worshipped Vehumet.
Vehumet was aware of your devotion.
You were not hungry.

You visited 1 branch of the dungeon, and saw 6 of its levels.

You collected 290 gold pieces.

Inventory:

Hand Weapons
 a - a +1 dagger of freezing (weapon)
 j - a +0 hunting sling
 n - a +0 spear
 F - a +1 dagger
Missiles
 d - 69 sling bullets
 k - 177 stones (quivered)
 m - 81 arrows
 w - 27 bolts
Armour
 e - a +0 robe
 g - a +0 leather armour (worn)
 t - a +2 ring mail of poison resistance
 y - a +0 pair of gloves (worn)
Magical Staves
 z - an uncursed staff of death
Jewellery
 f - an uncursed ring of protection from magic
 o - an uncursed ring of ice
 r - a ring of protection from fire (left hand)
 G - an uncursed ring of ice
Wands
 B - a wand of digging (8)
 C - a wand of disintegration (11)
 D - a wand of polymorph (7)
Scrolls
 i - 3 scrolls of magic mapping
 l - 3 scrolls of enchant weapon
 v - 9 scrolls of identify
 A - 2 scrolls of remove curse
Potions
 b - a potion of heal wounds {unknown}
 h - 3 potions of curing {unknown}
 p - a potion of invisibility
 q - a potion of ambrosia {unknown}
 s - 3 potions of magic {unknown}
 u - 3 potions of haste {unknown}
 x - 2 potions of might {unknown}
Comestibles
 c - 15 rations


   Skills:
 + Level 0.3 Fighting
 + Level 1.7 Short Blades
 + Level 1.9 Armour
 + Level 3.9 Dodging
 - Level 4.2 Stealth
 + Level 9.2 Spellcasting
 + Level 7.9 Conjurations


You had 13 spell levels left.
You knew the following spells:

 Your Spells              Type           Power        Failure   Level  Hunger
a - Magic Dart            Conj           ####         1%          1    None
b - Dazzling Spray        Conj/Hex       ####..       6%          3    None
c - Iskenderun's Mystic   Conj           #####...     3%          4    ##.....
d - Fulminant Prism       Conj/Hex       ####......   19%         4    ##.....

Your spell library contained the following spells:

 Spells                   Type           Power        Failure   Level  Hunger
 Confuse                  Hex            ##......     30%         3    None
 Confusing Touch          Hex            ##....       10%         1    None
 Metabolic Englaciation   Hex/Ice        ##........   95%         5    ####...
 Petrify                  Tmut/Erth      ##......     69%         4    ##.....
 Force Lance              Conj/Tloc      ####....     19%         4    ##.....
 Searing Ray              Conj           #####.       1%          2    None
 Gell's Gravitas          Tloc           ##........   30%         3    None
 Yara's Violent Unravell  Hex/Tmut       ##........   95%         5    ####...


Dungeon Overview and Level Annotations

Branches:
Dungeon (6/15)             Temple (0/1) D:4

Altars:
Fedhas
Hepliaklqana
Makhleb
Nemelex Xobeh
Okawaru
Sif Muna
Uskayaw
Vehumet
Yredelemnul


Message History

An ogre comes into view. It is wielding a giant club.
The jackal bites you.
The ogre shouts!
Things that are here:
an enchanted long sword; a robe The jackal bites you.
The ogre barely misses you. The jackal misses you.
The jackal barely misses you.
The jackal bites you but does no damage.
The gnoll closely misses you. The jackal closely misses you.
The jackal bites you.
The jackal bites you but does no damage.
There is a stone staircase leading up here.
The jackal bites you. The ogre hits you with a giant club!!
Ouch! That really hurt!
* * * LOW HITPOINT WARNING * * *
The gnoll hits you from afar with a spear.
You die...

###.....#....##.).##...........#.
..#.....#......)...#....########.
..#.....#.....)....#....##.....#.
..#.....##'####....#...........#.
..#...........#######'####.....'.
..#................#....###'####.
'##..........>.....#....##.).#...
..................>#.....#...#...
..............gO@>.#.....#...#...
........#'####.h...#....##...#...
........#.)..#.....#....######...
###.....#....#.....#....#[...#...
#.....#....#..........#....#...
#.....#....#....._....#....#...
#.....#....#..._..._..#....#...
#.....###+##..........##..##...
#.....#....#.....8.._..#..####'


You could see an ogre, a gnoll and a jackal.

Vanquished Creatures
  Sigmund (D:4)
  2 phantoms
  A centaur (D:6)
  Blork the orc (D:6)
  A scorpion (D:5)
  4 wights
  A howler monkey (D:5)
  A crimson imp (D:5)
  A bullfrog zombie (D:5)
  A gnoll shaman (D:4)
  An orc priest (D:3)
  6 orc wizards
  An iguana (D:6)
  Natasha (thrice) (D:2)
  2 worker ants (D:6)
  6 adders
  6 gnolls
  3 oozes
  An adder zombie (D:5)
  3 worms
  4 dart slugs
  4 leopard geckos
  15 orcs
  A ball python (D:6)
  9 bats
  4 giant cockroaches
  8 goblins
  6 hobgoblins
  4 jackals
  4 kobolds (D:1)
  3 quokkas
  4 frilled lizards
  A jackal zombie (D:5)
  A leopard gecko skeleton (D:4)
  A leopard gecko zombie (D:3)
  6 rats
121 creatures vanquished.

Notes
Turn   | Place    | Note
-------+----------+-------------------------------------------
     0 | D:1      | emperorscorpion the Deep Elf Conjurer began the quest for the Orb.
     0 | D:1      | Reached XP level 1. HP: 10/10 MP: 6/6
   161 | D:1      | Reached XP level 2. HP: 15/15 MP: 6/8
   478 | D:1      | Reached skill level 5 in Conjurations
   914 | D:1      | Reached XP level 3. HP: 19/19 MP: 3/9
  1013 | D:1      | Learned a level 3 spell: Dazzling Spray
  2008 | D:2      | Found a hazy altar of Hepliaklqana.
  2061 | D:2      | Reached XP level 4. HP: 20/24 MP: 5/11
  2321 | D:2      | Noticed Natasha
  2325 | D:2      | Killed Natasha
  2325 | D:2      | Reached skill level 4 in Spellcasting
  2474 | D:3      | Learned a level 4 spell: Iskenderun's Mystic Blast
  2497 | D:3      | Found a radiant altar of Vehumet.
  2598 | D:3      | Became a worshipper of Vehumet
  3435 | D:3      | Reached XP level 5. HP: 28/28 MP: 8/13
  3605 | D:2      | Noticed Natasha
  3607 | D:2      | Killed Natasha
  3755 | D:2      | Noticed Natasha
  3759 | D:2      | Killed Natasha
  3759 | D:2      | Reached skill level 5 in Spellcasting
  4112 | D:4      | Learned a level 4 spell: Fulminant Prism
  4251 | D:4      | Noticed Sigmund
  4443 | D:4      | Killed Sigmund
  4443 | D:4      | Reached XP level 6. HP: 32/32 MP: 1/16
  4743 | D:4      | Reached skill level 6 in Spellcasting
  5204 | D:4      | Found a staircase to the Ecumenical Temple.
  5428 | D:5      | Entered Level 5 of the Dungeon
  5442 | D:5      | Reached XP level 7. HP: 36/36 MP: 3/19
  5806 | D:4      | Reached skill level 1 in Short Blades
  5806 | D:4      | Reached skill level 1 in Armour
  5806 | D:4      | Reached skill level 7 in Spellcasting
  6874 | D:6      | Found a deep blue altar of Sif Muna.
  6874 | D:6      | Found a burning altar of Makhleb.
  6874 | D:6      | Found an iron altar of Okawaru.
  6990 | D:6      | Reached skill level 8 in Spellcasting
  6990 | D:6      | Reached XP level 8. HP: 41/41 MP: 4/22
  7035 | D:5      | Reached * piety under Vehumet
  7035 | D:5      | Offered knowledge of Sting by Vehumet.
  7211 | D:6      | Found a basalt altar of Yredelemnul.
  7211 | D:6      | Found a sparkling altar of Nemelex Xobeh.
  7223 | D:6      | Found a hide-covered altar of Uskayaw.
  7224 | D:6      | Found a blossoming altar of Fedhas.
  7331 | D:6      | Noticed Blork the orc
  7334 | D:6      | Killed Blork the orc
  7682 | D:6      | Reached skill level 9 in Spellcasting
  7822 | D:6      | Slain by a gnoll

Vault maps used:
D:1:      dpeg_arrival_lava_altar, hangedman_decor_points, minmay_heptomino_d4
D:2:      cheibrodos_old_hovel, nicolae_overflow_crystal_walls, uniq_natasha
D:3:      vehumet_crystals, first_ration, hangedman_decor_diamond_cutter
D:4:      temple_fountains, minmay_vboxes, uniq_sigmund
D:5:      kennysheep_generic_room_13
D:6:      grunt_temple_overflow_open, uniq_blork_the_orc

Skill      XL: |  1  2  3  4  5  6  7  8 |
---------------+-------------------------+-----
Conjurations   | 5 6 7 |  7.9
Spellcasting   | 4 5 6 8 9 |  9.2
Stealth        | 3 4 |  4.2
Dodging        | 3 |  3.9
Short Blades   | 1 |  1.7
Armour         | 1 |  1.9
Fighting       | |  0.3

Action                   |  1- 3 |  4- 6 |  7- 9 || total
-------------------------+-------+-------+-------++-------
Melee: Dagger            |     8 |    27 |    39 ||    74
 Cast: Magic Dart        |    88 |    42 |     2 ||   132
       Iskenderun's Myst |       |    33 |    61 ||    94
  Use: Scroll            |       |     6 |     1 ||     7
 Stab: Sleeping          |       |     2 |     2 ||     4
  Eat: Chunk             |     3 |    15 |     9 ||    27
       Ration            |       |       |     1 ||     1
Armor: Robe              |     3 |     1 |       ||     4
       Leather armour    |       |     5 |    16 ||    21
Dodge: Dodged            |    21 |    22 |    41 ||    84

Table legend:
 A = Spawn XP
 B = Non-spawn XP
 C = Spawn XP percentage of total XP
 D = Spawn monster count
 E = Non-spawn monster count
 F = Spawn count percentage of total count
 G = Total turns spent on level
                    A         B        C        D         E        F      G
               +---------+---------+-------+---------+---------+-------+---------
         Total |       0 |    1996 |   0.0 |       0 |     121 |   0.0 |  7822
               +---------+---------+-------+---------+---------+-------+---------
           D:1 |       0 |      61 |   0.0 |       0 |      27 |   0.0 |  1455
           D:2 |       0 |     168 |   0.0 |       0 |      29 |   0.0 |  1212
           D:3 |       0 |     136 |   0.0 |       0 |      14 |   0.0 |  1556
           D:4 |       0 |     469 |   0.0 |       0 |      14 |   0.0 |  1508
           D:5 |       0 |     565 |   0.0 |       0 |      21 |   0.0 |  1290
           D:6 |       0 |     597 |   0.0 |       0 |      16 |   0.0 |   801
               +---------+---------+-------+---------+---------+-------+---------
